Kings vs Blues

Created - 19 janvier 2015 at 19:03

Goals
1 2 3 T
Kings 0 1 1 2
Blues 0 3 1 4
Shots
1 2 3 T
Kings 8 19 5 32
Blues 5 10 7 22

1st period

No Goal

Penalties :
Michael Frolik (LAK) for Slashing (Minor) at 12:19

2nd period

1. Blues , Taylor Pyatt 10 (Brent Burns, Andrew Cogliano) at 10:45
2. Kings , Anze Kopitar 23 (Michael Frolik, Sergei Gonchar) at 11:39
3. Blues , Taylor Pyatt 11 (Travis Zajac) at 12:05
4. Blues , Paul Kariya 24 (Joe Pavelski, Nik Antropov) at 18:02

Penalties :
Patrick Sharp (LAK) for Roughing (Minor) at 1:13, Erik Rasmussen (STL) for Hooking (Minor) at 6:25, Dan Boyle (STL) for Tripping (Minor) at 15:30

3rd period

5. Blues , Joe Pavelski 25 (Dan Boyle, Nik Antropov) at 0:10
6. Kings , Jonas Hoglund 16 (Sergei Gonchar) at 8:29

Penalties :
No Penalty

Goalie Stats

Ondrej Pavelec (LAK), 12 saves from 16 shots - (0,750), L, 15-16-6, 40:10 minutes
Ray Emery (LAK), 6 saves from 6 shots - (1,000), 19:50 minutes
Tuukka Rask (STL), 30 saves from 32 shots - (0,938), W, 21-13-2, 60:00 minutes

Players Stats for Kings

Player Name              G  A  P  +/- PIM S  H  SB GA TA FO     MP     PP MP  PK MP  
------------------------------------------------------------------------------------
Anze Kopitar             1  0  1  -1  0   4  2  1  1  0  10/25  19:58   2:21   0:59 
Brenden Morrow           0  0  0  -1  0   2  2  1  0  0  0/0    17:52   0:00   1:30 
Brent Seabrook           0  0  0   1  0   0  1  0  0  0  0/0    21:29   1:37   1:42 
Cory Sarich              0  0  0   0  0   0  1  0  1  0  0/0    14:38   0:00   2:16 
Hnat Domenichelli        0  0  0   0  0   2  0  0  0  0  0/0     8:44   0:00   0:09 
Jonas Hoglund            1  0  1   1  0   2  2  0  1  0  0/0    17:16   0:00   2:19 
Kristopher Letang        0  0  0  -3  0   1  2  0  1  1  0/0    24:23   2:21   1:42 
Kurtis Foster            0  0  0  -3  0   1  0  3  0  0  0/0    23:46   0:00   2:16 
Matt Duchene             0  0  0   1  0   2  1  0  1  1  6/9    15:58   1:37   0:00 
Michael Frolik           0  1  1  -1  2   3  2  0  0  0  0/1    18:56   2:21   0:00 
Mikkel Boedker           0  0  0  -2  0   4  1  0  0  0  0/0    14:34   2:21   0:00 
Patrick Sharp            0  0  0   0  2   2  3  1  0  0  3/3    17:09   1:37   0:00 
Pernell Karl Subban      0  0  0   0  0   1  2  0  0  1  0/0    15:57   2:21   0:00 
Rene Bourque             0  0  0  -1  0   3  0  1  1  1  0/0    21:19   1:37   0:00 
Sergei Gonchar           0  2  2   1  0   1  1  0  0  1  0/0    19:47   1:37   0:00 
Tomas Plekanec           0  0  0  -2  0   2  1  0  0  0  5/15   15:41   0:00   2:16 
Vaclav Varada            0  0  0   0  0   0  0  0  0  0  0/0     0:34   0:00   0:00 
Viktor Kozlov            0  0  0   0  0   2  0  0  0  0  0/1     7:59   0:00   0:43 

Players Stats for Blues

Player Name              G  A  P  +/- PIM S  H  SB GA TA FO     MP     PP MP  PK MP  
------------------------------------------------------------------------------------
Ales Kotalik             0  0  0   0  0   0  0  0  0  0  0/0     9:17   0:03   0:32 
Andrew Cogliano          0  1  1   1  0   0  0  0  0  0  0/3    12:57   0:03   0:14 
Brent Burns              0  1  1   1  0   1  2  2  1  0  0/0    22:43   2:33   1:25 
Brian Lee                0  0  0   0  0   0  0  1  0  0  0/0    18:37   1:25   0:00 
Bryce Lampman            0  0  0   1  0   0  2  1  0  1  0/0    22:36   0:00   2:33 
D.J King                 0  0  0   0  0   1  1  0  0  0  0/0     8:55   0:00   0:39 
Dan Boyle                0  1  1   2  2   0  2  0  2  1  0/0    24:23   2:33   0:00 
Derek Boogaard           0  0  0   0  0   1  1  0  0  0  0/1    15:52   1:32   0:00 
Drew Fata                0  0  0   0  0   0  2  0  0  1  0/0    15:20   0:00   2:33 
Erik Rasmussen           0  0  0   0  2   1  1  0  0  0  0/1     8:17   0:00   0:00 
Joe Pavelski             1  1  2   1  0   5  2  0  1  0  1/2    18:22   1:32   0:00 
Kevin Shattenkirk        0  0  0   0  0   0  1  1  0  1  0/0    16:23   1:25   1:25 
Marian Hossa             0  0  0   0  0   4  0  0  0  0  0/0    16:34   2:23   0:00 
Nik Antropov             0  2  2   1  0   2  2  1  1  0  21/34  21:58   2:23   2:47 
Paul Kariya              1  0  1   1  0   4  2  0  0  0  0/1    19:03   2:23   0:00 
Sergei Shirokov          0  0  0   1  0   0  3  0  0  0  1/1    13:17   0:00   0:57 
Taylor Pyatt             2  0  2   1  0   2  2  0  0  1  0/0    15:34   0:03   2:47 
Travis Zajac             0  1  1   0  0   1  4  0  0  1  7/11   15:52   1:32   0:00 

3 Stars

1 - Taylor Pyatt (STL)
2 - Joe Pavelski (STL)
3 - Nik Antropov (STL)

Power Play

Kings - 0 on 2 Attempt(s) - 0,00%
Blues - 0 on 2 Attempt(s) - 0,00%

Penalty Kill

Kings - 2 on 2 Attempt(s) - 100,00% - Score 0 goal in Penalty Kill
Blues - 2 on 2 Attempt(s) - 100,00% - Score 0 goal in Penalty Kill

Team Stat

Kings - Hits : 21 - Faceoff Wins : 24 - Blocked Shots : 7 - Penalty Minutes : 4
Blues - Hits : 27 - Faceoff Wins : 30 - Blocked Shots : 6 - Penalty Minutes : 4

Official

Referees : McCauley Wes and Auger Stephane
Linesman : Mark Wheler and Brad Kovachik

Game Notes

19:25 of 1st period - Kings goal is going for a video replay. After video review, No Goal. The puck has been directed, batted or thrown into the net by an attacking player other than with a stick.
Ray Emery enters game at 0:10 of 3rd period

Finance

Level 1 -- Attendance: 5672 (94,53%) -- Ticket Income 476 448 $
Level 2 -- Attendance: 5000 (100,00%) -- Ticket Income 260 000 $
Level 3 -- Attendance: 1805 (90,25%) -- Ticket Income 54 150 $
Level 4 -- Attendance: 4000 (100,00%) -- Ticket Income 76 000 $
Luxury Box -- Attendance: 1000 (100,00%) -- Ticket Income 169 000 $
Game was played at the Scotttrade center'
Total Attendance: 17477 (97,09%)
Total Ticket Income: 1 035 598 $
Other Income: 155 340 $
Total Income: 1 190 938 $

Kings

5 vs 5 Forward 
   Center                   Left Wing                Right Wing               Time % Phy DF OF 
 1 Anze Kopitar             Brenden Morrow           Michael Frolik           35     0   1  4  
 2 Matt Duchene             Patrick Sharp            Jonas Hoglund            30     1   1  3  
 3 Tomas Plekanec           Mikkel Boedker           Rene Bourque             30     1   2  2  
 4 Viktor Kozlov            Hnat Domenichelli        Rene Bourque             5      1   4  0  

5 vs 5 Defense 
   Defense                  Defense                                           Time % Phy DF OF 
 1 Kurtis Foster            Kristopher Letang                                 40     1   2  2  
 2 Sergei Gonchar           Brent Seabrook                                    35     1   2  2  
 3 Cory Sarich              Pernell Karl Subban                               20     2   2  1  
 4 Kurtis Foster            Pernell Karl Subban                               5      2   2  1  

PowerPlay Forward 
   Center                   Left Wing                Right Wing               Time % Phy DF OF 
 1 Anze Kopitar             Mikkel Boedker           Michael Frolik           60     0   1  4  
 2 Matt Duchene             Patrick Sharp            Rene Bourque             40     0   1  4  

PowerPlay Defense
   Defense                  Defense                                           Time % Phy DF OF 
 1 Pernell Karl Subban      Kristopher Letang                                 60     0   1  4  
 2 Sergei Gonchar           Brent Seabrook                                    40     0   2  3  

Penalty Kill 4 Players Forward 
   Center                   Wing                     Time % Phy DF OF 
 1 Tomas Plekanec           Jonas Hoglund            60     0   4  1  
 2 Viktor Kozlov            Brenden Morrow           40     0   4  1  

Penalty Kill 4 Players Defense
   Defense                  Defense                  Time % Phy DF OF 
 1 Kurtis Foster            Cory Sarich              60     1   4  0  
 2 Kristopher Letang        Brent Seabrook           40     1   4  0  

Penalty Kill - 3 Players Forward 
   Forward                                           Time % Phy DF OF 
 1 Tomas Plekanec                                    60     0   4  1  
 2 Anze Kopitar                                      40     0   4  1  

Penalty Kill - 3 Players Defense
   Defense                  Defense                  Time % Phy DF OF 
 1 Kurtis Foster            Cory Sarich              60     1   4  0  
 2 Kristopher Letang        Brent Seabrook           40     1   4  0  

4 vs 4 Forward 
   Center                   Wing                     Time % Phy DF OF 
 1 Anze Kopitar             Brenden Morrow           60     1   2  2  
 2 Matt Duchene             Patrick Sharp            40     1   2  2  

4 vs 4 Defense
   Defense                  Defense                  Time % Phy DF OF 
 1 Sergei Gonchar           Brent Seabrook           60     1   2  2  
 2 Pernell Karl Subban      Kristopher Letang        40     1   2  2  

Last Minutes Offensive
   Center                   Left Wing                Right Wing               Defense                  Defense                  
   Anze Kopitar             Patrick Sharp            Michael Frolik           Brent Seabrook           Kristopher Letang        

Last Minutes Defensive
   Center                   Left Wing                Right Wing               Defense                  Defense                  
   Anze Kopitar             Patrick Sharp            Jonas Hoglund            Brent Seabrook           Kristopher Letang        

Goaltenders
Starting : Ondrej Pavelec           
Backup : Ray Emery                

Extra Forwards
Normal : Anze Kopitar, Patrick Sharp, Michael Frolik - PP : Brenden Morrow, Hnat Domenichelli - PK : Anze Kopitar
Extra Defensemen
Normal : Pernell Karl Subban, Kristopher Letang, Brent Seabrook - PP : Sergei Gonchar - PK : Pernell Karl Subban, Cory Sarich
Penalty Shots
Anze Kopitar, Michael Frolik, Mikkel Boedker, Patrick Sharp, Rene Bourque

Blues

5 vs 5 Forward 
   Center                   Left Wing                Right Wing               Time % Phy DF OF 
 1 Nik Antropov             Paul Kariya              Joe Pavelski             40     1   2  2  
 2 Travis Zajac             Derek Boogaard           Marian Hossa             30     1   2  2  
 3 Andrew Cogliano          Taylor Pyatt             Sergei Shirokov          20     1   2  2  
 4 Erik Rasmussen           D.J King                 Ales Kotalik             10     1   2  2  

5 vs 5 Defense 
   Defense                  Defense                                           Time % Phy DF OF 
 1 Dan Boyle                Bryce Lampman                                     40     1   2  2  
 2 Brent Burns              Brian Lee                                         30     1   2  2  
 3 Drew Fata                Kevin Shattenkirk                                 20     1   2  2  
 4 Dan Boyle                Brent Burns                                       10     1   2  2  

PowerPlay Forward 
   Center                   Left Wing                Right Wing               Time % Phy DF OF 
 1 Nik Antropov             Paul Kariya              Marian Hossa             60     1   2  2  
 2 Travis Zajac             Derek Boogaard           Joe Pavelski             40     1   2  2  

PowerPlay Defense
   Defense                  Defense                                           Time % Phy DF OF 
 1 Dan Boyle                Brent Burns                                       60     1   2  2  
 2 Brian Lee                Kevin Shattenkirk                                 40     1   2  2  

Penalty Kill 4 Players Forward 
   Center                   Wing                     Time % Phy DF OF 
 1 Nik Antropov             Taylor Pyatt             60     1   2  2  
 2 Ales Kotalik             Sergei Shirokov          40     1   2  2  

Penalty Kill 4 Players Defense
   Defense                  Defense                  Time % Phy DF OF 
 1 Bryce Lampman            Drew Fata                60     1   2  2  
 2 Brent Burns              Kevin Shattenkirk        40     1   2  2  

Penalty Kill - 3 Players Forward 
   Forward                                           Time % Phy DF OF 
 1 Taylor Pyatt                                      60     1   2  2  
 2 Ales Kotalik                                      40     1   2  2  

Penalty Kill - 3 Players Defense
   Defense                  Defense                  Time % Phy DF OF 
 1 Drew Fata                Bryce Lampman            60     1   2  2  
 2 Brian Lee                Dan Boyle                40     1   2  2  

4 vs 4 Forward 
   Center                   Wing                     Time % Phy DF OF 
 1 Travis Zajac             Paul Kariya              60     1   2  2  
 2 Nik Antropov             Marian Hossa             40     1   2  2  

4 vs 4 Defense
   Defense                  Defense                  Time % Phy DF OF 
 1 Dan Boyle                Bryce Lampman            60     1   2  2  
 2 Brent Burns              Brian Lee                40     1   2  2  

Last Minutes Offensive
   Center                   Left Wing                Right Wing               Defense                  Defense                  
   Travis Zajac             Paul Kariya              Marian Hossa             Dan Boyle                Brent Burns              

Last Minutes Defensive
   Center                   Left Wing                Right Wing               Defense                  Defense                  
   Nik Antropov             Taylor Pyatt             Sergei Shirokov          Bryce Lampman            Drew Fata                

Goaltenders
Starting : Tuukka Rask              
Backup : Cory Schneider           

Extra Forwards
Normal : Andrew Cogliano, Taylor Pyatt, Sergei Shirokov - PP : Andrew Cogliano, Taylor Pyatt - PK : Sergei Shirokov
Extra Defensemen
Normal : Brian Lee, Kevin Shattenkirk, Bryce Lampman - PP : Brian Lee - PK : Kevin Shattenkirk, Dan Boyle
Penalty Shots
D.J King, Joe Pavelski, Marian Hossa, Travis Zajac, Nik Antropov

% Time on Ice - Kings

Lines # - Real PCT - Wanted PCT - Time Play
Normal Forward
1 - 30% - 35% - 15:49
2 - 32% - 30% - 16:46
3 - 23% - 30% - 12:13
4 - 14% - 5% - 7:16
Normal Defense
1 - 40% - 40% - 20:48
2 - 35% - 35% - 18:10
3 - 23% - 20% - 11:54
4 - 2% - 5% - 1:12
PP Forward
1 - 59% - 60% - 2:21
2 - 41% - 40% - 1:37
PP Defense
1 - 59% - 60% - 2:21
2 - 41% - 40% - 1:37
PK Forward
1 - 82% - 60% - 3:15
2 - 18% - 40% - 0:43
PK Defense
1 - 57% - 60% - 2:16
2 - 43% - 40% - 1:42
PK3 Forward
1 - 0% - 60%
2 - 0% - 40%
PK3 Defense
1 - 0% - 60%
2 - 0% - 40%
44 Forward
1 - 0% - 60%
2 - 0% - 40%
44 Defense
1 - 0% - 60%
2 - 0% - 40%
Last Minute Offensive  - 0:00
Last Minute Defensive  - 0:00
Total
Forward - 60:00
Defense - 60:00

% Time on Ice - Blues

Lines # - Real PCT - Wanted PCT - Time Play
Normal Forward
1 - 34% - 40% - 17:38
2 - 28% - 30% - 14:20
3 - 23% - 20% - 11:55
4 - 16% - 10% - 8:11
Normal Defense
1 - 39% - 40% - 20:03
2 - 33% - 30% - 17:22
3 - 25% - 20% - 12:47
4 - 4% - 10% - 1:52
PP Forward
1 - 61% - 60% - 2:26
2 - 39% - 40% - 1:32
PP Defense
1 - 64% - 60% - 2:33
2 - 36% - 40% - 1:25
PK Forward
1 - 87% - 60% - 3:26
2 - 13% - 40% - 0:32
PK Defense
1 - 64% - 60% - 2:33
2 - 36% - 40% - 1:25
PK3 Forward
1 - 0% - 60%
2 - 0% - 40%
PK3 Defense
1 - 0% - 60%
2 - 0% - 40%
44 Forward
1 - 0% - 60%
2 - 0% - 40%
44 Defense
1 - 0% - 60%
2 - 0% - 40%
Last Minute Offensive  - 0:00
Last Minute Defensive  - 0:00
Total
Forward - 60:00
Defense - 60:00

Play by Play

1st period


0:01 of 1st period - Nik Antropov wins face-off versus Anze Kopitar in neutral zone.
0:08 of 1st period - Slapshot by Dan Boyle.
0:08 of 1st period - Deflect By Joe Pavelski.
0:08 of 1st period - Stopped by Ondrej Pavelec with a rebound.
1:20 of 1st period - Slapshot by Andrew Cogliano.
1:20 of 1st period - Shot Misses the Net.
1:56 of 1st period - D.J King is hit by Patrick Sharp and loses puck.
2:08 of 1st period - Icing by Patrick Sharp.
2:09 of 1st period - Matt Duchene wins face-off versus Travis Zajac in Kings zone.
2:14 of 1st period - Slapshot by Kristopher Letang.
2:14 of 1st period - Stopped by Tuukka Rask with a rebound.
2:22 of 1st period - Slapshot by Marian Hossa.
2:22 of 1st period - Stopped by Ondrej Pavelec with a rebound.
2:24 of 1st period - Slapshot by Derek Boogaard.
2:24 of 1st period - Stopped by Ondrej Pavelec with a rebound.
2:41 of 1st period - Off-side.
2:42 of 1st period - Nik Antropov wins face-off versus Tomas Plekanec in neutral zone.
3:09 of 1st period - Brent Seabrook is hit by Travis Zajac and loses puck.
3:18 of 1st period - Snap shot by Brenden Morrow.
3:18 of 1st period - Stopped by Tuukka Rask with a rebound.
3:32 of 1st period - Wrist shot by Erik Rasmussen.
3:32 of 1st period - Stopped by Ondrej Pavelec with a rebound.
3:34 of 1st period - Snap shot by D.J King.
3:34 of 1st period - Stopped by Ondrej Pavelec with a rebound.
4:24 of 1st period - Brent Seabrook is hit by Nik Antropov and loses puck.
5:09 of 1st period - Wrist shot by Jonas Hoglund.
5:09 of 1st period - Shot Blocked by Kevin Shattenkirk.
5:18 of 1st period - Off-side.
5:19 of 1st period - Sergei Shirokov wins face-off versus Anze Kopitar in neutral zone.
5:31 of 1st period - Icing by Cory Sarich.
5:32 of 1st period - Joe Pavelski wins face-off versus Anze Kopitar in Kings zone.
6:03 of 1st period - Wrist shot by Michael Frolik.
6:03 of 1st period - Stopped by Tuukka Rask without a rebound.
6:04 of 1st period - Tomas Plekanec wins face-off versus Derek Boogaard in Blues zone.
6:05 of 1st period - Snap shot by Rene Bourque.
6:05 of 1st period - Shot Misses the Net.
6:26 of 1st period - Icing by Mikkel Boedker.
6:27 of 1st period - Matt Duchene wins face-off versus Andrew Cogliano in Kings zone.
6:38 of 1st period - Wrist shot by Patrick Sharp.
6:38 of 1st period - Shot Blocked by Bryce Lampman.
6:56 of 1st period - Wrist shot by Mikkel Boedker.
6:56 of 1st period - Stopped by Tuukka Rask without a rebound.
6:57 of 1st period - Nik Antropov wins face-off versus Tomas Plekanec in Blues zone.
7:10 of 1st period - Wrist shot by Tomas Plekanec.
7:10 of 1st period - Stopped by Tuukka Rask without a rebound.
7:11 of 1st period - Travis Zajac wins face-off versus Anze Kopitar in Blues zone.
7:44 of 1st period - Joe Pavelski is hit by Brent Seabrook.
8:42 of 1st period - Wrist shot by Rene Bourque.
8:42 of 1st period - Stopped by Tuukka Rask without a rebound.
8:43 of 1st period - Travis Zajac wins face-off versus Viktor Kozlov in Blues zone.
10:11 of 1st period - Off-side.
10:12 of 1st period - Travis Zajac wins face-off versus Tomas Plekanec in neutral zone.
10:19 of 1st period - Snap shot by Travis Zajac.
10:19 of 1st period - Shot Misses the Net.
10:37 of 1st period - Kevin Shattenkirk is hit by Anze Kopitar and loses puck.
12:19 of 1st period - Minor Penalty to Michael Frolik for Slashing.
12:20 of 1st period - Tomas Plekanec wins face-off versus Paul Kariya in Kings zone.
13:29 of 1st period - Kurtis Foster is hit by Paul Kariya and loses puck.
13:44 of 1st period - Slapshot by Dan Boyle.
13:44 of 1st period - Shot Misses the Net.
14:19 of 1st period - Penalty to Michael Frolik is over, Michael Frolik is back on ice.
14:24 of 1st period - Snap shot by Viktor Kozlov.
14:24 of 1st period - Stopped by Tuukka Rask with a rebound.
15:20 of 1st period - Taylor Pyatt is hit by Pernell Karl Subban and loses puck.
17:00 of 1st period - Slapshot by Marian Hossa.
17:00 of 1st period - Shot Misses the Net.
18:06 of 1st period - Pernell Karl Subban is hit by Taylor Pyatt and loses puck.
18:21 of 1st period - Kristopher Letang is hit by Drew Fata and loses puck.
18:34 of 1st period - Icing by Nik Antropov.
18:35 of 1st period - Patrick Sharp wins face-off versus Nik Antropov in Blues zone.
19:11 of 1st period - Wrist shot by Mikkel Boedker.
19:11 of 1st period - Deflect By Tomas Plekanec.
19:11 of 1st period - Shot Misses the Net.
19:11 of 1st period - Puck is out of play.
19:12 of 1st period - Tomas Plekanec wins face-off versus Andrew Cogliano in Blues zone.
19:19 of 1st period - Wrist shot by Rene Bourque.
19:19 of 1st period - Shot Blocked by Brent Burns.
19:21 of 1st period - Snap shot by Tomas Plekanec.
19:21 of 1st period - Shot Blocked by Brian Lee.
19:23 of 1st period - Snap shot by Rene Bourque.
19:23 of 1st period - Shot Misses the Net.
19:25 of 1st period - Snap shot by Rene Bourque.
19:25 of 1st period - Kings goal is going for a video replay.
19:25 of 1st period - The goal is refused. The puck has been directed, batted or thrown into the net by an attacking player other than with a stick..
19:26 of 1st period - Anze Kopitar wins face-off versus Joe Pavelski in Blues zone.
19:39 of 1st period - Snap shot by Michael Frolik.
19:39 of 1st period - Shot Misses the Net.
19:51 of 1st period - Brent Seabrook is hit by Travis Zajac and loses puck.
Goals for this period are 0 for Kings vs 0 for Blues.
Shots for this period are 8 for Kings vs 5 for Blues.

2nd period


0:01 of 2nd period - Nik Antropov wins face-off versus Tomas Plekanec in neutral zone.
0:16 of 2nd period - Snap shot by Paul Kariya.
0:16 of 2nd period - Stopped by Ondrej Pavelec without a rebound.
0:17 of 2nd period - Travis Zajac wins face-off versus Anze Kopitar in Kings zone.
0:24 of 2nd period - Slapshot by Travis Zajac.
0:24 of 2nd period - Deflect By Marian Hossa.
0:24 of 2nd period - Stopped by Ondrej Pavelec without a rebound.
0:25 of 2nd period - Travis Zajac wins face-off versus Anze Kopitar in Kings zone.
0:56 of 2nd period - Slapshot by Mikkel Boedker.
0:56 of 2nd period - Shot Misses the Net.
1:13 of 2nd period - Minor Penalty to Patrick Sharp for Roughing.
1:14 of 2nd period - Nik Antropov wins face-off versus Tomas Plekanec in Kings zone.
1:22 of 2nd period - Wrist shot by Marian Hossa.
1:22 of 2nd period - Stopped by Ondrej Pavelec without a rebound.
1:23 of 2nd period - Nik Antropov wins face-off versus Tomas Plekanec in Kings zone.
1:32 of 2nd period - Brent Burns is hit by Cory Sarich and loses puck.
2:08 of 2nd period - Kristopher Letang is hit by Nik Antropov and loses puck.
2:35 of 2nd period - Off-side.
2:36 of 2nd period - Anze Kopitar wins face-off versus Travis Zajac in neutral zone.
3:11 of 2nd period - Kurtis Foster is hit by Travis Zajac and loses puck.
3:13 of 2nd period - Penalty to Patrick Sharp is over, Patrick Sharp is back on ice.
3:34 of 2nd period - Wrist shot by Rene Bourque.
3:34 of 2nd period - Shot Misses the Net.
3:36 of 2nd period - Slapshot by Rene Bourque.
3:36 of 2nd period - Shot Misses the Net.
3:40 of 2nd period - Snap shot by Hnat Domenichelli.
3:40 of 2nd period - Stopped by Tuukka Rask without a rebound.
3:41 of 2nd period - Anze Kopitar wins face-off versus Erik Rasmussen in Blues zone.
4:10 of 2nd period - Brent Burns is hit by Pernell Karl Subban and loses puck.
4:29 of 2nd period - Sergei Shirokov is hit by Kristopher Letang and loses puck.
4:42 of 2nd period - Wrist shot by Andrew Cogliano.
4:42 of 2nd period - Shot Blocked by Rene Bourque.
5:27 of 2nd period - Wrist shot by Paul Kariya.
5:27 of 2nd period - Stopped by Ondrej Pavelec without a rebound.
5:28 of 2nd period - Nik Antropov wins face-off versus Anze Kopitar in Kings zone.
5:31 of 2nd period - Backhand shot by Joe Pavelski.
5:31 of 2nd period - Stopped by Ondrej Pavelec without a rebound.
5:32 of 2nd period - Nik Antropov wins face-off versus Michael Frolik in Kings zone.
6:23 of 2nd period - Slapshot by Kurtis Foster.
6:23 of 2nd period - Stopped by Tuukka Rask with a rebound.
6:25 of 2nd period - Minor Penalty to Erik Rasmussen for Hooking.
6:26 of 2nd period - Nik Antropov wins face-off versus Anze Kopitar in Blues zone.
6:35 of 2nd period - Slapshot by Mikkel Boedker.
6:35 of 2nd period - Stopped by Tuukka Rask without a rebound.
6:36 of 2nd period - Anze Kopitar wins face-off versus Nik Antropov in Blues zone.
6:51 of 2nd period - Backhand shot by Mikkel Boedker.
6:51 of 2nd period - Stopped by Tuukka Rask with a rebound.
7:03 of 2nd period - Snap shot by Michael Frolik.
7:03 of 2nd period - Deflect By Anze Kopitar.
7:03 of 2nd period - Stopped by Tuukka Rask with a rebound.
7:05 of 2nd period - Slapshot by Michael Frolik.
7:05 of 2nd period - Stopped by Tuukka Rask without a rebound.
7:06 of 2nd period - Matt Duchene wins face-off versus Nik Antropov in Blues zone.
8:25 of 2nd period - Penalty to Erik Rasmussen is over, Erik Rasmussen is back on ice.
9:20 of 2nd period - Brenden Morrow is hit by Erik Rasmussen.
10:35 of 2nd period - Off-side.
10:36 of 2nd period - Tomas Plekanec wins face-off versus Andrew Cogliano in neutral zone.
10:43 of 2nd period - Slapshot by Brent Burns.
10:43 of 2nd period - Stopped by Ondrej Pavelec with a rebound.
10:45 of 2nd period - Wrist shot by Taylor Pyatt.
10:45 of 2nd period - Goal by Taylor Pyatt - Kings : 0 - Blues : 1.
10:46 of 2nd period - Tomas Plekanec wins face-off versus Nik Antropov in neutral zone.
10:49 of 2nd period - Slapshot by Tomas Plekanec.
10:49 of 2nd period - Stopped by Tuukka Rask without a rebound.
10:50 of 2nd period - Nik Antropov wins face-off versus Tomas Plekanec in Blues zone.
11:05 of 2nd period - Wrist shot by Rene Bourque.
11:05 of 2nd period - Shot Misses the Net.
11:39 of 2nd period - Slapshot by Anze Kopitar.
11:39 of 2nd period - Goal by Anze Kopitar - Kings : 1 - Blues : 1.
11:40 of 2nd period - Nik Antropov wins face-off versus Tomas Plekanec in neutral zone.
12:05 of 2nd period - Slapshot by Taylor Pyatt.
12:05 of 2nd period - Goal by Taylor Pyatt - Kings : 1 - Blues : 2.
12:06 of 2nd period - Nik Antropov wins face-off versus Anze Kopitar in neutral zone.
12:16 of 2nd period - Brenden Morrow is hit by Bryce Lampman.
12:32 of 2nd period - Derek Boogaard is hit by Kristopher Letang and loses puck.
12:57 of 2nd period - Wrist shot by Tomas Plekanec.
12:57 of 2nd period - Shot Misses the Net.
13:37 of 2nd period - Wrist shot by Joe Pavelski.
13:37 of 2nd period - Shot Misses the Net.
14:44 of 2nd period - Wrist shot by Rene Bourque.
14:44 of 2nd period - Shot Misses the Net.
14:46 of 2nd period - Slapshot by Sergei Gonchar.
14:46 of 2nd period - Stopped by Tuukka Rask without a rebound.
14:47 of 2nd period - Anze Kopitar wins face-off versus Nik Antropov in Blues zone.
14:56 of 2nd period - Slapshot by Brenden Morrow.
14:56 of 2nd period - Stopped by Tuukka Rask without a rebound.
14:57 of 2nd period - Anze Kopitar wins face-off versus Nik Antropov in Blues zone.
15:10 of 2nd period - Snap shot by Anze Kopitar.
15:10 of 2nd period - Stopped by Tuukka Rask with a rebound.
15:14 of 2nd period - Wrist shot by Anze Kopitar.
15:14 of 2nd period - Shot Misses the Net.
15:16 of 2nd period - Slapshot by Anze Kopitar.
15:16 of 2nd period - Deflect By Brenden Morrow.
15:16 of 2nd period - Shot Misses the Net.
15:16 of 2nd period - Puck is out of play.
15:17 of 2nd period - Patrick Sharp wins face-off versus Travis Zajac in Blues zone.
15:26 of 2nd period - Snap shot by Jonas Hoglund.
15:26 of 2nd period - Stopped by Tuukka Rask without a rebound.
15:27 of 2nd period - Travis Zajac wins face-off versus Matt Duchene in Blues zone.
15:27 of 2nd period - Travis Zajac is hit by Patrick Sharp.
15:30 of 2nd period - Minor Penalty to Dan Boyle for Tripping.
15:31 of 2nd period - Anze Kopitar wins face-off versus Nik Antropov in Blues zone.
15:41 of 2nd period - Slapshot by Mikkel Boedker.
15:41 of 2nd period - Shot Blocked by Nik Antropov.
15:43 of 2nd period - Wrist shot by Pernell Karl Subban.
15:43 of 2nd period - Stopped by Tuukka Rask without a rebound.
15:44 of 2nd period - Anze Kopitar wins face-off versus Nik Antropov in Blues zone.
15:45 of 2nd period - Snap shot by Mikkel Boedker.
15:45 of 2nd period - Deflect By Bryce Lampman.
15:45 of 2nd period - Stopped by Tuukka Rask without a rebound.
15:46 of 2nd period - Anze Kopitar wins face-off versus Nik Antropov in Blues zone.
15:59 of 2nd period - Snap shot by Michael Frolik.
15:59 of 2nd period - Stopped by Tuukka Rask with a rebound.
16:01 of 2nd period - Snap shot by Mikkel Boedker.
16:01 of 2nd period - Shot Misses the Net.
16:03 of 2nd period - Snap shot by Anze Kopitar.
16:03 of 2nd period - Stopped by Tuukka Rask without a rebound.
16:04 of 2nd period - Patrick Sharp wins face-off versus Nik Antropov in Blues zone.
16:11 of 2nd period - Wrist shot by Patrick Sharp.
16:11 of 2nd period - Stopped by Tuukka Rask with a rebound.
16:13 of 2nd period - Slapshot by Matt Duchene.
16:13 of 2nd period - Shot Misses the Net.
16:15 of 2nd period - Snap shot by Rene Bourque.
16:15 of 2nd period - Shot Misses the Net.
16:19 of 2nd period - Slapshot by Rene Bourque.
16:19 of 2nd period - Stopped by Tuukka Rask without a rebound.
16:20 of 2nd period - Nik Antropov wins face-off versus Anze Kopitar in Blues zone.
17:25 of 2nd period - Sergei Gonchar is hit by Sergei Shirokov and loses puck.
17:30 of 2nd period - Penalty to Dan Boyle is over, Dan Boyle is back on ice.
17:58 of 2nd period - Snap shot by Nik Antropov.
17:58 of 2nd period - Stopped by Ondrej Pavelec without a rebound.
17:59 of 2nd period - Nik Antropov wins face-off versus Anze Kopitar in Kings zone.
18:02 of 2nd period - Snap shot by Paul Kariya.
18:02 of 2nd period - Goal by Paul Kariya - Kings : 1 - Blues : 3.
18:03 of 2nd period - Nik Antropov wins face-off versus Matt Duchene in neutral zone.
19:00 of 2nd period - Snap shot by Viktor Kozlov.
19:00 of 2nd period - Stopped by Tuukka Rask with a rebound.
19:33 of 2nd period - Kevin Shattenkirk is hit by Michael Frolik and loses puck.
19:48 of 2nd period - Tomas Plekanec is hit by Drew Fata.
Goals for this period are 1 for Kings vs 3 for Blues.
Shots for this period are 19 for Kings vs 10 for Blues.

3rd period


0:01 of 3rd period - Nik Antropov wins face-off versus Anze Kopitar in neutral zone.
0:10 of 3rd period - Wrist shot by Joe Pavelski.
0:10 of 3rd period - Goal by Joe Pavelski - Kings : 1 - Blues : 4.
0:10 of 3rd period - Ray Emery enters game.
0:11 of 3rd period - Matt Duchene wins face-off versus Nik Antropov in neutral zone.
0:14 of 3rd period - Snap shot by Kristopher Letang.
0:14 of 3rd period - Shot Misses the Net.
0:22 of 3rd period - Snap shot by Joe Pavelski.
0:22 of 3rd period - Stopped by Ray Emery with a rebound.
0:26 of 3rd period - Snap shot by Paul Kariya.
0:26 of 3rd period - Stopped by Ray Emery with a rebound.
1:00 of 3rd period - Tomas Plekanec is hit by Sergei Shirokov.
1:28 of 3rd period - Wrist shot by Nik Antropov.
1:28 of 3rd period - Shot Blocked by Patrick Sharp.
1:30 of 3rd period - Slapshot by Paul Kariya.
1:30 of 3rd period - Shot Misses the Net.
1:59 of 3rd period - Cory Sarich is hit by Bryce Lampman and loses puck.
2:06 of 3rd period - Backhand shot by Marian Hossa.
2:06 of 3rd period - Shot Blocked by Brenden Morrow.
2:30 of 3rd period - Drew Fata is hit by Sergei Gonchar and loses puck.
2:59 of 3rd period - Snap shot by Kevin Shattenkirk.
2:59 of 3rd period - Shot Blocked by Kurtis Foster.
3:51 of 3rd period - Brian Lee is hit by Patrick Sharp and loses puck.
3:58 of 3rd period - Wrist shot by Patrick Sharp.
3:58 of 3rd period - Shot Misses the Net.
4:00 of 3rd period - Snap shot by Patrick Sharp.
4:00 of 3rd period - Stopped by Tuukka Rask without a rebound.
4:01 of 3rd period - Nik Antropov wins face-off versus Anze Kopitar in Blues zone.
4:26 of 3rd period - Travis Zajac is hit by Matt Duchene and loses puck.
5:32 of 3rd period - Wrist shot by Matt Duchene.
5:32 of 3rd period - Stopped by Tuukka Rask without a rebound.
5:33 of 3rd period - Matt Duchene wins face-off versus Nik Antropov in Blues zone.
6:00 of 3rd period - Jonas Hoglund is hit by Taylor Pyatt.
6:22 of 3rd period - Cory Sarich is hit by Travis Zajac.
6:26 of 3rd period - Derek Boogaard is hit by Brenden Morrow and loses puck.
6:33 of 3rd period - Marian Hossa is hit by Michael Frolik and loses puck.
6:44 of 3rd period - Kurtis Foster is hit by Joe Pavelski and loses puck.
7:33 of 3rd period - Kurtis Foster is hit by Brent Burns and loses puck.
7:38 of 3rd period - Snap shot by Marian Hossa.
7:38 of 3rd period - Stopped by Ray Emery without a rebound.
7:39 of 3rd period - Nik Antropov wins face-off versus Anze Kopitar in Kings zone.
7:46 of 3rd period - Backhand shot by Dan Boyle.
7:46 of 3rd period - Deflect By Joe Pavelski.
7:46 of 3rd period - Shot Hit the Post.
7:46 of 3rd period - Puck is out of play.
7:47 of 3rd period - Anze Kopitar wins face-off versus Nik Antropov in Kings zone.
8:00 of 3rd period - Snap shot by Nik Antropov.
8:00 of 3rd period - Stopped by Ray Emery with a rebound.
8:17 of 3rd period - Snap shot by Derek Boogaard.
8:17 of 3rd period - Shot Misses the Net.
8:21 of 3rd period - Wrist shot by Travis Zajac.
8:21 of 3rd period - Stopped by Ray Emery without a rebound.
8:22 of 3rd period - Nik Antropov wins face-off versus Matt Duchene in Kings zone.
8:29 of 3rd period - Slapshot by Jonas Hoglund.
8:29 of 3rd period - Goal by Jonas Hoglund - Kings : 2 - Blues : 4.
8:30 of 3rd period - Nik Antropov wins face-off versus Tomas Plekanec in neutral zone.
8:35 of 3rd period - Snap shot by Joe Pavelski.
8:35 of 3rd period - Shot Misses the Net.
8:55 of 3rd period - Nik Antropov is hit by Jonas Hoglund and loses puck.
9:01 of 3rd period - Off-side.
9:02 of 3rd period - Matt Duchene wins face-off versus Travis Zajac in neutral zone.
9:07 of 3rd period - Slapshot by Matt Duchene.
9:07 of 3rd period - Stopped by Tuukka Rask without a rebound.
9:08 of 3rd period - Travis Zajac wins face-off versus Tomas Plekanec in Blues zone.
9:15 of 3rd period - Brent Seabrook is hit by Derek Boogaard and loses puck.
9:57 of 3rd period - Snap shot by Ales Kotalik.
9:57 of 3rd period - Shot Misses the Net.
9:59 of 3rd period - Snap shot by Brian Lee.
9:59 of 3rd period - Shot Blocked by Kurtis Foster.
10:01 of 3rd period - Slapshot by Ales Kotalik.
10:01 of 3rd period - Shot Misses the Net.
10:19 of 3rd period - Snap shot by Anze Kopitar.
10:19 of 3rd period - Shot Misses the Net.
10:25 of 3rd period - Taylor Pyatt is hit by Jonas Hoglund and loses puck.
11:26 of 3rd period - Wrist shot by Joe Pavelski.
11:26 of 3rd period - Stopped by Ray Emery with a rebound.
12:28 of 3rd period - Mikkel Boedker is hit by D.J King and loses puck.
12:33 of 3rd period - Snap shot by Erik Rasmussen.
12:33 of 3rd period - Shot Blocked by Anze Kopitar.
12:39 of 3rd period - Erik Rasmussen is hit by Mikkel Boedker and loses puck.
12:50 of 3rd period - Matt Duchene is hit by Dan Boyle and loses puck.
12:55 of 3rd period - Snap shot by Nik Antropov.
12:55 of 3rd period - Shot Misses the Net.
13:11 of 3rd period - Matt Duchene is hit by Sergei Shirokov and loses puck.
14:07 of 3rd period - Bryce Lampman is hit by Tomas Plekanec and loses puck.
14:59 of 3rd period - D.J King is hit by Anze Kopitar.
15:41 of 3rd period - Backhand shot by Derek Boogaard.
15:41 of 3rd period - Shot Blocked by Kurtis Foster.
16:29 of 3rd period - Snap shot by D.J King.
16:29 of 3rd period - Shot Hit the Post.
16:52 of 3rd period - Sergei Gonchar is hit by Brent Burns.
17:10 of 3rd period - Hnat Domenichelli is hit by Paul Kariya and loses puck.
17:46 of 3rd period - Slapshot by Jonas Hoglund.
17:46 of 3rd period - Shot Blocked by Brent Burns.
17:48 of 3rd period - Slapshot by Kurtis Foster.
17:48 of 3rd period - Deflect By Hnat Domenichelli.
17:48 of 3rd period - Stopped by Tuukka Rask without a rebound.
17:49 of 3rd period - Nik Antropov wins face-off versus Anze Kopitar in Blues zone.
17:49 of 3rd period - Nik Antropov is hit by Brenden Morrow.
17:59 of 3rd period - Cory Sarich is hit by Joe Pavelski and loses puck.
18:55 of 3rd period - Kristopher Letang is hit by Dan Boyle and loses puck.
19:42 of 3rd period - Brent Seabrook is hit by Kevin Shattenkirk.
Goals for this period are 1 for Kings vs 1 for Blues.
Shots for this period are 5 for Kings vs 7 for Blues.


Output by the SimonT Hockey Simulator (STHS) for François Prévost -- Original Page W3C XHTML 1.0 Valid
Hockey Simulator - Hockey Simulation - Hockey Manager